 Dungeon Crawl Stone Soup version 0.22.0 (webtiles) character file.

37 BigChef the Skirmisher (level 3, 0/29 HPs)
             Began as a Demonspawn Chaos Knight on Aug 29, 2018.
             Succumbed to an adder's poison
             ... on level 2 of the Dungeon.
             The game lasted 00:01:56 (589 turns).

BigChef the Skirmisher (Demonspawn Chaos Knight)     Turns: 589, Time: 00:01:56

Health: 0/29       AC:  3    Str: 13    XL:     3   Next: 21%
Magic:  3/3        EV: 11    Int: 11    God:    Xom [..*...]
Gold:   32         SH:  0    Dex: 12    Spells: 2/2 levels left

rFire    . . .     SeeInvis .   a - +0 spear (chaos)
rCold    . . .     Gourm    .   (no shield)
rNeg     . . .     Faith    .   b - +2 leather armour
rPois    .         Spirit   .   (helmet restricted)
rElec    .         Reflect  .   (no cloak)
rCorr    .         Harm     .   (no gloves)
MR       .....                  (no boots)
Stlth    +.........             (no amulet)
HPRegen  0.09/turn              (no ring)
MPRegen  0.08/turn              (no ring)

@: lethally poisoned (0 -> -8)
A: claws 1, horns 1, deformed body, dopey 1, high mp 1, powered by pain 1
a: Renounce Religion


You were on level 2 of the Dungeon.
You worshipped Xom.
You were a toy of Xom.
You were full.

You visited 1 branch of the dungeon, and saw 2 of its levels.

You collected 32 gold pieces.

Inventory:

Hand Weapons
 a - a +0 spear of chaos (weapon)
Armour
 b - a +2 leather armour (worn)
Jewellery
 i - a cursed amulet of inaccuracy
Scrolls
 d - 2 scrolls of remove curse
 h - a scroll of identify
Comestibles
 c - 2 rations


   Skills:
 + Level 3.5 Fighting
 + Level 3.2 Polearms
 + Level 2.1 Armour
 + Level 0.9 Dodging


You had 2 spell levels left.
You didn't know any spells.
Your spell library was empty.

Dungeon Overview and Level Annotations

Branches:
Dungeon (2/15)

Altars:


Innate Abilities, Weirdness & Mutations

You have sharp fingernails.
You sometimes gain a little power by taking damage.
You have a pair of small horns on your head.
Armour fits poorly on your strangely shaped body.
You are dopey. (Int -2)
You have an increased reservoir of magic. (+10% MP)


Message History

Xom is amused.
* * * LOW HITPOINT WARNING * * *
You feel sick.
Okay, then.
You aren't carrying any potions.
* * * LOW HITPOINT WARNING * * *
You feel sick.
* * * LOW HITPOINT WARNING * * *
You feel sick.
* * * LOW HITPOINT WARNING * * *
You feel sick.
* * * LOW HITPOINT WARNING * * *
You feel sick.
* * * LOW HITPOINT WARNING * * *
You feel sick.
You eat one of the 3 rations.
That ration really hit the spot!
* * * LOW HITPOINT WARNING * * *
You feel sick.
You die...
Xom snickers!

#.......# #.......# #.
#.......# #. ##.....##
## #. ##.....## .. #.##
#.......# ####.# #..#
###.......###..†.# #..#
#.†...........####
#..######.##....@.#####
..........###...###
.##.####......###
.##.####.....##
.......#.#.#.#
.....(...#.....
........>#...#..
.(...........####
...[..........


There were no monsters in sight!

Vanquished Creatures
  An adder (D:2)
  A dart slug (D:1)
  2 ball pythons (D:1)
  2 giant cockroaches (D:1)
  5 goblins (D:1)
  3 hobgoblins (D:1)
  3 bats
  2 frilled lizards (D:1)
  2 kobolds (D:1)
  5 rats
26 creatures vanquished.

Notes
Turn   | Place    | Note
-------+----------+-------------------------------------------
     0 | D:1      | BigChef the Demonspawn Chaos Knight began the quest for the Orb.
     0 | D:1      | Reached XP level 1. HP: 18/18 MP: 1/1
    85 | D:1      | XOM: divination: magic mapping
   124 | D:1      | Gained mutation: You have sharp fingernails. [demonic ancestry]
   124 | D:1      | Reached XP level 2. HP: 21/24 MP: 2/2
   164 | D:1      | XOM: silly message
   508 | D:1      | Gained mutation: Armour fits poorly on your strangely shaped body. [potion of mutation]
   508 | D:1      | Gained mutation: You have an increased reservoir of magic. (+10% MP) [potion of mutation]
   508 | D:1      | Gained mutation: You are dopey. (Int -2) [potion of mutation]
   508 | D:1      | Gained mutation: You have a pair of small horns on your head. [potion of mutation]
   582 | D:2      | Gained mutation: You sometimes gain a little power by taking damage. [demonic ancestry]
   582 | D:2      | Reached XP level 3. HP: 8/29 MP: 3/3
   588 | D:2      | HP: 1/29 [poisoned by an adder]
   589 | D:2      | Succumbed to an adder's poison

Skill      XL: |  1  2 |
---------------+-------+-----
Polearms       | 3 |  3.2
Armour         | 2 |  2.1
Fighting       | |  3.5
Dodging        | |  0.9

Action                   || total
-------------------------++-------
Melee: Spear             ||    97
       Headbutt          ||     1
  Use: Scroll            ||     5
       Potion            ||     3
  Eat: Ration            ||     1
Armor: Leather armour    ||    28
Dodge: Dodged            ||    28
